 Dungeon Crawl Stone Soup version 0.30-a0-772-g5528072125 (webtiles) character file.

Game seed: 7108602573318302061

32 cowhearter the Insei (level 3, -11/25 (26) HPs)
             Began as an Octopode Monk on Feb 13, 2023.
             Mangled by Crazy Yiuf
             ... wielding a +3 quarterstaff of chaos
              (14 damage)
             ... on level 2 of the Dungeon.
             The game lasted 00:02:56 (1248 turns).

cowhearter the Insei (Octopode Monk)                Turns: 1248, Time: 00:02:57

HP:   -11/25 (26)   AC:  1    Str: 10    XL:     3   Next: 25%
MP:   3/3           EV: 13    Int: 12    God:
Gold: 59            SH:  8    Dex: 22    Spells: 2/2 levels left

rFire   . . .      SeeInvis .    o - +3 hammer
rCold   . . .      Faith    .    i - +0 kite shield
rNeg    . . .      Spirit   .    (helmet restricted)
rPois   .          Reflect  .    (no amulet)
rElec   .          Harm     .    g - +6 ring of dexterity
rCorr   .          Rampage  .    (no ring)
Will    .....                    (no ring)
Stlth   ++++                     (no ring)
HPRegen 0.24/turn                (no ring)
MPRegen 0.08/turn                (no ring)
                                 (no ring)
                                 (no ring)

@: lightly drained
A: almost no armour, amphibious, 8 rings, camouflage 1, gelatinous body 1,
(nimble swimmer 1), tentacles
a: no special abilities


You were on level 2 of the Dungeon.
You visited 1 branch of the dungeon, and saw 2 of its levels.

You collected 59 gold pieces.

Inventory:

Hand Weapons
 o - a +3 hammer (weapon)
Missiles
 e - a throwing net (quivered)
Armour
 i - a +0 kite shield (worn)
Jewellery
 g - a +6 ring of dexterity (left tentacle)
Wands
 n - a wand of digging (1)
Scrolls
 b - a scroll of vulnerability {unknown}
 c - 4 scrolls of teleportation {unknown}
 d - a scroll of identify {unknown}
 f - a scroll of fear {unknown}
 m - a scroll of amnesia {unknown}
Potions
 a - a potion of ambrosia
 h - a potion of might {unknown}
 j - a potion of mutation {unknown}
 k - a potion of curing {unknown}
 l - a potion of heal wounds {unknown}


   Skills:
 + Level 3.2 Fighting
 + Level 3.3 Dodging
 + Level 3.0 Stealth
 * Level 3.6 Unarmed Combat


You had 2 spell levels left.
You didn't know any spells.
Your spell library was empty.

Dungeon Overview and Level Annotations

Branches:
Dungeon (2/15)

Altars:

Shops:
D:1 !

Annotations:
D:2 Crazy Yiuf


Innate Abilities, Weirdness & Mutations

You cannot wear most types of armour.
You are amphibious.
You can wear up to eight rings at the same time.
Your skin changes colour to match your surroundings (Stealth+).
Your rubbery body absorbs attacks. (AC +1, EV +1)
((You are camouflaged when in or above water. (Stealth+)))
You have tentacles for arms and can constrict up to eight enemies at once.


Message History

You see here a +3 hammer.
o - a +3 hammer
o - a +3 hammer (weapon)
You see here a +0 hammer.
Found seven hammers.
Found a runed translucent door.
You see here a +0 hammer.
Found a hammer.
You see here a +0 hammer.
You see here a +0 hammer.
Found three hammers.
You see here a +0 hammer.
You open the door.
There is an open translucent door here.
You see here a +0 hammer.
You see here a +0 hammer.
The helpless Crazy Yiuf fails to defend himself.
You hit Crazy Yiuf. Your grab misses Crazy Yiuf.
Crazy Yiuf is lightly wounded.
Crazy Yiuf barely misses you. Crazy Yiuf closely misses you.
You hit Crazy Yiuf. Your grab misses Crazy Yiuf.
Crazy Yiuf is heavily wounded.
Crazy Yiuf hits you with a +3 quarterstaff of chaos!
You closely miss Crazy Yiuf. You grab Crazy Yiuf.
Crazy Yiuf is heavily wounded.
You constrict Crazy Yiuf. You block Crazy Yiuf's attack.
Crazy Yiuf yells, "Whippet pontify toodlewoodle!"
Crazy Yiuf hits you with a +3 quarterstaff of chaos.
You hit Crazy Yiuf.
Crazy Yiuf is severely wounded.
You constrict Crazy Yiuf. You block Crazy Yiuf's attack.
Crazy Yiuf hits you with a +3 quarterstaff of chaos!
* * * LOW HITPOINT WARNING * * *
You feel drained.
* * * LOW HITPOINT WARNING * * *
You completely miss Crazy Yiuf.
Crazy Yiuf is severely wounded.
You constrict Crazy Yiuf.
Crazy Yiuf hits you with a +3 quarterstaff of chaos!
Ouch! That really hurt!
You die...

.#.. ♣...♣♣ ....
♣♣)♣♣ ##.....#
♣)♣♣ .......#
♣♣)♣ #......
♣)♣♣ ..#... ♣♣)♣
###.#### ##'##
........ #)))#
....# #)@)#
....# #)g)#
#...## #####
#....# #.#..#
#####
..#..#######.#.#
###..........#.#
####.####...##.#
...............#


You could see Crazy Yiuf.

Vanquished Creatures
  2 dart slugs
  5 bats (D:1)
  An endoplasm (D:1)
  2 goblins (D:1)
  5 hobgoblins (D:1)
  A quokka (D:1)
  4 ball pythons (D:1)
  2 frilled lizards (D:1)
  A kobold (D:1)
  3 rats (D:1)
26 creatures vanquished.

Notes
Turn   | Place    | Note
-------+----------+-------------------------------------------
     0 | D:1      | cowhearter the Octopode Monk began the quest for the Orb.
     0 | D:1      | Reached XP level 1. HP: 16/16 MP: 1/1
   211 | D:1      | Reached XP level 2. HP: 21/21 MP: 2/2
   581 | D:1      | Found a faded altar of an unknown god.
   632 | D:1      | Reached XP level 3. HP: 26/26 MP: 3/3
   639 | D:1      | Found Axirphum's Distillery.
  1236 | D:2      | Found a runed translucent door.
  1237 | D:2      | Noticed Crazy Yiuf
  1248 | D:2      | Mangled by Crazy Yiuf

Illustrated notes

Levels and vault maps discovered:
D:1:      wander_arrival_lonely_grave, layout_basic, serial_shops,
          nicolae_shop_behind_doors, nicolae_ecumenical_snake_handling,
          minivault_27
D:2:      layout_basic, uniq_crazy_yiuf_cottage

Skill      XL: |  1  2 |
---------------+-------+-----
Stealth        | 3 |  3.0
Fighting       | |  3.2
Dodging        | |  3.3
Unarmed Combat | |  3.6

Action                     || total
---------------------------++-------
  Melee: Unarmed           ||    49
         Constrict         ||    19
         Tentacles         ||    11
         Mace              ||     5
         Punch             ||     1
   Stab: Sleeping          ||    10
 Armour: Skin              ||    10
  Dodge: Dodged            ||    38
  Block: Kite shield       ||     4

Table legend: (Time is in decaauts)
 A = Elapsed time spent in this place.
 B = Non-inter-level travel time spent in this place.
 C = Inter-level travel time spent in this place.
 D = Time resting spent in this place.
 E = Time spent auto-exploring this place.
 F = Levels seen in this place.
 G = Mean time per level.
                   A        B        C        D        E       F      G
               +--------+--------+--------+--------+--------+-----+--------+
         Total |   1246 |   1221 |     25 |     97 |    859 |   2 |  623.0 |
       Dungeon |   1246 |   1221 |     25 |     97 |    859 |   2 |  623.0 |
               +--------+--------+--------+--------+--------+-----+--------+

Top non-repeatable levels by time:
     D:1: 1105 daAuts
     D:2: 140 daAuts
